 Dungeon Crawl Stone Soup version 0.32-a0-981-g384da2ce10 (webtiles) character file.

Game seed: 15074910024947225101

767 DrKenneth the Trooper (level 7, -3/63 HPs)
             Began as a Minotaur Fighter on Apr 20, 2024.
             Slain by an orc warrior
             ... wielding a +0 battleaxe
              (8 damage)
             ... on level 6 of the Dungeon.
             The game lasted 00:13:31 (4210 turns).

DrKenneth the Trooper (Minotaur Fighter)            Turns: 4210, Time: 00:13:31

Health: -3/63      AC:  9    Str: 23    XL:     7   Next: 52%
Magic:  6/6        EV:  8    Int:  5    God:
Gold:   510        SH:  4    Dex:  9    Spells: 6/6 levels left

rFire   . . .        a - +1 war axe
rCold   . . .        c - +0 buckler
rNeg    . . .        b - +0 scale mail
rPois   .            (helmet restricted)
rElec   .            g - +1 cloak
rCorr   .            (no gloves)
SInv    .            (no boots)
Will    .....        (no amulet) Stlth
                     (no ring)
HPRegen 0.30/turn    (no ring)
MPRegen 0.10/turn

%: no passive effects
@: no status effects
A: horns 2, retaliatory headbutt
a: no special abilities


You were on level 6 of the Dungeon.
You visited 2 branches of the dungeon, and saw 7 of its levels.

You collected 510 gold pieces.

Inventory:

Hand Weapons
 a - a +1 war axe (weapon)
Armour
 b - a +0 scale mail (worn)
 c - a +0 buckler (worn)
 g - a +1 cloak (worn)
Jewellery
 n - a ring of willpower
Scrolls
 f - 3 scrolls of teleportation
 j - 2 scrolls of enchant weapon
 k - a scroll of immolation {unknown}
 l - a scroll of enchant armour
 m - a scroll of amnesia {unknown}
 o - a scroll of poison {unknown}
 p - a scroll of revelation {unknown}
 q - a scroll of blinking
 s - 2 scrolls of identify
Potions
 d - a potion of might
 e - 3 potions of curing
 h - a potion of heal wounds {unknown}
 i - 3 potions of resistance {unknown}
 r - a potion of lignification {unknown}


   Skills:
 + Level 6.2 Fighting
 + Level 5.5 Axes
 + Level 6.1 Armour
 + Level 6.2 Shields


You had 6 spell levels left.
You didn't know any spells.
Your spell library contained the following spells:

 Spells                   Type           Power      Damage    Failure   Level
 Magic Dart               Conj           0%         1d3       83%         1
 Shock                    Conj/Air       0%         1d3       83%         1
 Ensorcelled Hibernation  Hex/Ice        0%         N/A       92%         2
 Searing Ray              Conj           0%         2d4       92%         2
 Passwall                 Erth           0%         N/A       99%         3
 Swiftness                Air            0%         N/A       99%         3
 Airstrike                Air            0%         2d(0-16)  100%        4
 Fulminant Prism          Conj/Alch      0%         3d5       100%        4


Dungeon Overview and Level Annotations

Branches:
Dungeon (6/15)             Temple (1/1) D:5

Altars:
Cheibriados
Dithmenos
Fedhas
Gozag
Kikubaaqudgha
Nemelex Xobeh
Trog
Uskayaw
Vehumet
Xom

Shops:
D:4 =

Annotations:
D:3 2 transporters, Sabo's ghost, amateur MiAr


Innate Abilities, Weirdness & Mutations

You have a pair of horns on your head.
You reflexively headbutt those who attack you in melee.


Message History

You headbutt the ufetubus. You block the ufetubus's attack.
The ufetubus hits you but does no damage.
The ufetubus misses you.
The orc warrior hits you with a +0 battleaxe!
You closely miss the ufetubus.
The ufetubus is heavily wounded.
You barely miss the orc warrior.
The ufetubus hits you but does no damage.
The ufetubus barely misses you. The orc warrior barely misses you.
The ufetubus hits you but does no damage.
The ufetubus barely misses you.
You miss the ufetubus.
The ufetubus is heavily wounded.
You hit the orc warrior but do no damage.
The ufetubus hits you but does no damage.
The ufetubus barely misses you. The orc warrior barely misses you.
You block the ufetubus's attack. The ufetubus completely misses you.
You slash the ufetubus!
You kill the ufetubus!
You hit the orc warrior but do no damage.
The orc warrior hits you with a +0 battleaxe!
The orc warrior hits you with a +0 battleaxe.
The orc warrior attacks as it pursues you!
The orc warrior hits you with a +0 battleaxe!
* * * LOW HITPOINT WARNING * * *
There is an open door, spattered with blood here.
You hit the orc warrior but do no damage.
You headbutt the orc warrior.
The orc warrior is lightly wounded.
The orc warrior hits you but does no damage.
You closely miss the orc warrior.
The orc warrior is lightly wounded.
The orc warrior hits you with a +0 battleaxe!
* * * LOW HITPOINT WARNING * * *
You hit the orc warrior. You headbutt the orc warrior.
The orc warrior is heavily wounded.
The orc warrior hits you with a +0 battleaxe.
* * * LOW HITPOINT WARNING * * *
The orc warrior hits you with a +0 battleaxe!
You die...

#........##........# ######.#####
#........#########.#.............
##......###......#.########.#####
##....## #......#.##............
####'####......#.##.#####.#####
+......'.^....#.##.# #.#
########......#.##.# #.#
#......#....# #.# ######@######
#.# #.o.# #.# #.....# #.#
+.$...$.# #..$.$..# #.$.$.$.#
#.......# ###...### #####


You could see an orc warrior.

Vanquished Creatures
  A black bear (D:3)
  An ogre (D:5)
  A phantom (D:5)
  2 scorpions (D:6)
  A jelly (D:4)
  2 orc wizards
  3 iguanas
  8 gnolls
  4 adders
  2 shadow imps (D:5)
  A white imp (D:5)
  An ufetubus (D:6)
  3 dart slugs
  4 ribbon worms
  9 orcs
  3 ball pythons
  3 endoplasms
  5 giant cockroaches
  7 goblins
  4 hobgoblins
  3 jackals (D:1)
  10 kobolds
  4 quokkas
  5 bats
  3 frilled lizards
  3 rats
93 creatures vanquished.

Notes
Turn   | Place    | Note
-------+----------+-------------------------------------------
     0 | D:1      | DrKenneth the Minotaur Fighter began the quest for the Orb.
     0 | D:1      | Reached XP level 1. HP: 19/19 MP: 0/0
    60 | D:1      | Reached XP level 2. HP: 27/27 MP: 1/1
   621 | D:2      | Reached XP level 3. HP: 18/33 MP: 2/2
  1169 | D:2      | Reached XP level 4. HP: 36/40 MP: 3/3
  1220 | D:2      | Found a faded altar of an unknown god.
  1403 | D:3      | Found a transporter.
  1627 | D:3      | Found a transporter.
  1629 | D:3      | Noticed Sabo's ghost (amateur MiAr)
  2119 | D:4      | Noticed a black bear
  2129 | D:3      | Killed a black bear
  2130 | D:3      | Reached skill level 5 in Shields
  2130 | D:3      | Reached XP level 5. HP: 16/47 MP: 4/4
  2270 | D:4      | Found Xaepot's Jewellery Emporium.
  2341 | D:4      | Reached skill level 5 in Fighting
  2341 | D:4      | Reached skill level 5 in Armour
  2402 | D:4      | Reached XP level 6. HP: 49/56 MP: 5/5
  2607 | D:4      | Found a sparkling altar of Nemelex Xobeh.
  3065 | D:5      | Entered Level 5 of the Dungeon
  3114 | D:5      | Found a radiant altar of Vehumet.
  3367 | D:5      | Found a staircase to the Ecumenical Temple.
  3384 | Temple   | Entered the Ecumenical Temple
  3557 | D:5      | Reached skill level 5 in Axes
  3560 | D:5      | Reached XP level 7. HP: 42/62 MP: 6/6
  3625 | D:5      | Found a bloodstained altar of Trog.
  4210 | D:6      | Slain by an orc warrior

Illustrated notes

Levels and vault maps discovered:
D:1:      saegor_arrival_simple_a, layout_loops_ring, minivault_4
D:2:      layout_rooms, hellmonk_ecumenical_altar_inner_sanctum
D:3:      layout_loops_ring, gammafunk_ghost_mausoleum, kennysheep_path_1,
          grunt_ministairs_1, chequers_serial_rivers_micro_b,
          nicolae_elevator_lobby_asterisk
D:4:      layout_loops_ring, kennysheep_mini_moat, serial_shops, shop
D:5:      layout_loops_cross, mainiacjoe_overflow_catwalk,
          amcnicky_altar_gilded, minmay_temple_entry_crystal_x,
          kennysheep_flooded_box
D:6:      minmay_polygon_palace, layout_basic, portal_sewer_entry_e,
          serial_bayou, serial_bayou_ford_a, serial_bayou_shore_b,
          serial_bayou_shore_b, serial_bayou_crossing, serial_shops,
          nicolae_shop_hallway_stairs, gammafunk_ghost_necromancy, st_stairs_9,
          uniq_maggie, uniq_menkaure
Temple:   nicolae_temple_ecumenical_triangle

Skill      XL: |  1  2  3  4  5  6  7 |
---------------+----------------------+-----
Armour         | 4 5 6 |  6.1
Fighting       | 4 5 6 |  6.2
Shields        | 4 5 6 |  6.2
Axes           | 3 4 5 |  5.5

Action                     |  1- 3 |  4- 6 |  7- 9 || total
---------------------------+-------+-------+-------++-------
  Melee: War axe           |    99 |   141 |    32 ||   272
         Headbutt          |     3 |    22 |     7 ||    32
    Use: Scroll            |     1 |     3 |     1 ||     5
 Armour: Scale mail        |    68 |   130 |    52 ||   250
  Dodge: Dodged            |    47 |    71 |    28 ||   146
  Block: Buckler           |    13 |    34 |    11 ||    58

Table legend: (Time is in decaauts)
 A = Elapsed time spent in this place.
 B = Non-inter-level travel time spent in this place.
 C = Inter-level travel time spent in this place.
 D = Time resting spent in this place.
 E = Time spent auto-exploring this place.
 F = Levels seen in this place.
 G = Mean time per level.
                   A        B        C        D        E       F      G
               +--------+--------+--------+--------+--------+-----+--------+
         Total |   4304 |   3584 |    720 |    484 |   2336 |   7 |  614.9 |
       Dungeon |   4284 |   3582 |    702 |    484 |   2336 |   6 |  714.0 |
        Temple |     19 |      1 |     18 |      0 |      0 |   1 |   19.0 |
               +--------+--------+--------+--------+--------+-----+--------+

Top non-repeatable levels by time:
     D:3: 977 daAuts
     D:4: 835 daAuts
     D:5: 833 daAuts
     D:2: 685 daAuts
     D:1: 636 daAuts
     D:6: 316 daAuts
  Temple: 19 daAuts
